 Dungeon Crawl Stone Soup version 0.31.0-32-g396128a36d (webtiles) character file.

Game seed: 14352483294699601055

315044 Tripartite the Warrior (level 19, -12/174 HPs)
             Began as a Demigod Fire Elementalist on Apr 21, 2024.
             Mangled by a death scarab (21 damage)
             ... summoned by a royal mummy
             ... led by Khufu
             ... on level 2 of the Crypt on Apr 23, 2024.
             The game lasted 04:29:42 (59044 turns).

Tripartite the Warrior (Demigod Fire Elementalist) Turns: 59044, Time: 04:29:43

Health: -12/174    AC: 21    Str: 13    XL:     19   Next: 70%
Magic:  6/42       EV: 12    Int: 45    God:
Gold:   614        SH:  5    Dex: 12    Spells: 5/45 levels left

rFire   + + .        a - staff of conjuration
rCold   x . .        (no shield)
rNeg    + + .        R - +3 scale mail {rN+}
rPois   .            j - +2 helmet
rElec   +            y - scarf "Mogourru" {+Inv, rF+ Int+4 Dex-5 SInv}
rCorr   .            Q - +0 pair of gloves "Nuceareh" {Harm Int+4}
SInv    +            x - +2 pair of boots
Will    +....        W - amulet of reflection Stlth
                     O - ring "Wintouqe" {Fire rElec Dex+3 Slay+2}
HPRegen 0.49/turn    q - ring of positive energy
MPRegen 0.28/turn

%: harm (+30% outgoing, +20% incoming), reflection
@: slowed, very slow
A: high MP 1, forlorn, divine attributes
}: 2/15 runes: barnacled, gossamer
a: Evoke Invisibility


You were on level 2 of the Crypt.
You visited 7 branches of the dungeon, and saw 35 of its levels.
You also visited: Sewer, Bailey, Gauntlet and Ice Cave.

You collected 5196 gold pieces.
You spent 4582 gold pieces at shops.

Inventory:

Hand Weapons
 b - a +9 demon trident of draining
Missiles
 d - 5 darts of dispersal
 B - 8 curare-tipped darts
 G - 5 throwing nets
 M - 28 boomerangs
 S - 13 silver javelins
Armour
 j - a +2 helmet (worn)
 x - a +2 pair of boots (worn)
 y - the scarf "Mogourru" (worn) {+Inv, rF+ Int+4 Dex-5 SInv}
   (You found it on level 4 of the Dungeon)

   Int+4:     It affects your intelligence (+4).
   Dex-5:     It affects your dexterity (-5).
   rF+:       It protects you from fire.
   SInv:      It lets you see invisible.
 I - a +2 cloak of stealth
 Q - the +0 pair of gloves "Nuceareh" (worn) {Harm Int+4}
   (You bought it in a shop on level 9 of the Dungeon)

   Int+4:     It affects your intelligence (+4).
   Harm:      It increases damage dealt and taken.
 R - a +3 scale mail of positive energy (worn)
Magical Staves
 a - a staff of conjuration (weapon)
Jewellery
 i - a ring of protection from cold
 q - a ring of positive energy (right hand)
 v - a ring of resist corrosion
 O - the ring "Wintouqe" (left hand) {Fire rElec Dex+3 Slay+2}
   (You found it on level 4 of the Lair of Beasts)

   [ring of fire]

   Fire:      It enhances your fire magic.
   Dex+3:     It affects your dexterity (+3).
   Slay+2:    It affects your accuracy & damage with ranged weapons and melee
   (+2).
   rF+:       It protects you from fire.
   rC-:       It makes you vulnerable to cold.
   rElec:     It insulates you from electricity.
 P - a ring of flight
 W - an amulet of reflection (around neck)
 Z - a +4 ring of protection
Wands
 o - a wand of charming (39)
 C - a wand of digging (11)
 D - a wand of quicksilver (15)
 H - a wand of roots (19)
 K - a wand of polymorph (4)
 N - a wand of flame (75)
Scrolls
 c - 8 scrolls of fear
 g - 3 scrolls of silence
 h - 7 scrolls of identify
 m - a scroll of revelation
 n - a scroll of acquirement
 p - 7 scrolls of fog
 t - 5 scrolls of immolation
 u - 10 scrolls of teleportation
 w - a scroll of blinking
 U - a scroll of butterflies
 Y - 2 scrolls of vulnerability
Potions
 e - a potion of resistance
 f - 5 potions of might
 k - 9 potions of lignification
 l - 4 potions of magic
 r - 5 potions of cancellation
 s - 7 potions of ambrosia
 z - 5 potions of invisibility
 A - 3 potions of heal wounds
 E - 9 potions of curing
 F - 5 potions of brilliance
 J - 9 potions of enlightenment
 T - 4 potions of haste
Miscellaneous
 V - a phantom mirror


   Skills:
 + Level 16.7 Fighting
 - Level 14.0 Polearms
 - Level 14.0 Armour
 - Level 7.6 Dodging
 - Level 1.7 Stealth
 + Level 13.5 Spellcasting
 - Level 15.6 Conjurations
 - Level 3.0 Translocations
 - Level 11.1 Fire Magic


You had 5 spell levels left.
You knew the following spells:

 Your Spells              Type           Power      Damage    Failure   Level
a - Foxfire               Conj/Fire      100%       2x1d9     0%          1
b - Scorch                Fire           100%       2d9       1%          2
c - Flame Wave            Conj/Fire      100%       2d21      1%          4
d - Iskenderun's Mystic   Conj/Tloc      100%       2d19      1%          4
e - Fulminant Prism       Conj/Alch      50%        3d22      1%          4
f - Blink                 Tloc           100%       N/A       1%          2
g - Starburst             Conj/Fire      74%        6d19      1%          6
h - Iskenderun's Battles  Conj           100%       2d15      1%          5
i - Orb of Destruction    Conj           65%        9d15      3%          7
j - Fireball              Conj/Fire      74%        3d28      1%          5

Your spell library contained the following spells:

 Spells                   Type           Power      Damage    Failure   Level
 Magic Dart               Conj           100%       1d8       0%          1
 Searing Ray              Conj           100%       2d8       0%          2
 Lesser Beckoning         Tloc           100%       N/A       1%          2
 Momentum Strike          Conj/Tloc      100%       3d10      1%          2
 Dazzling Flash           Conj/Hex       100%       N/A       1%          3
 Hailstorm                Conj/Ice       100%       3d16      1%          3
 Inner Flame              Hex/Fire       88%        N/A       1%          3
 Volatile Blastmotes      Fire/Tloc      100%       2d18      1%          3
 Brom's Barrelling Bould  Conj/Erth      100%       2d11      1%          4
 Necrotise                Necr           100%       1d9       2%          1
 Slow                     Hex            100%       N/A       2%          1
 Gell's Gravitas          Tloc           55%        N/A       2%          3
 Teleport Other           Tloc           55%        N/A       2%          3
 Ignite Poison            Fire/Alch      88%        N/A       2%          4
 Sticky Flame             Fire/Alch      88%        2d13      2%          4
 Cigotuvi's Dreadful Rot  Necr/Alch/Air  60%        N/A       4%          2
 Ensorcelled Hibernation  Hex/Ice        60%        N/A       4%          2
 Sublimation of Blood     Necr           30%        N/A       4%          2
 Confusing Touch          Hex            30%        N/A       8%          3
 Fugue of the Fallen      Necr           30%        N/A       8%          3
 Ozocubu's Armour         Ice            30%        N/A       8%          3
 Passwall                 Erth           30%        N/A       8%          3
 Sigil of Binding         Hex            30%        N/A       8%          3
 Summon Ice Beast         Ice/Summ       30%        N/A       8%          3
 Swiftness                Air            30%        N/A       8%          3
 Tukima's Dance           Hex            30%        N/A       8%          3
 Vampiric Draining        Necr           30%        2d8       8%          3
 Manifold Assault         Tloc           55%        N/A       8%          4
 Freezing Cloud           Conj/Ice/Air   43%        6-21      9%          5
 Dimensional Bullseye     Hex/Tloc       21%        N/A       14%         4
 Anguish                  Hex/Necr       15%        N/A       26%         4
 Animate Dead             Necr           30%        N/A       26%         4
 Cause Fear               Hex            15%        N/A       26%         4
 Dispel Undead            Necr           30%        3d14      26%         4
 Martyr's Knell           Necr/Summ      30%        N/A       26%         4
 Borgnjor's Vile Clutch   Necr/Erth      15%        N/A       58%         5
 Curse of Agony           Necr           30%        N/A       58%         5
 Metabolic Englaciation   Hex/Ice        15%        N/A       58%         5
 Conjure Ball Lightning   Conj/Air       50%        3x3d17    16%         6
 Death Channel            Necr           15%        N/A       99%         6
 Sculpt Simulacrum        Ice/Alch       15%        N/A       99%         6
 Summon Cactus Giant      Summ           15%        N/A       99%         6
 Enfeeble                 Hex            15%        N/A       100%        7
 Ozocubu's Refrigeration  Ice            15%        4d10      100%        7
 Infestation              Necr           15%        N/A       100%        8
 Maxwell's Capacitive Co  Air            15%        ∞         100%        8
 Polar Vortex             Ice            15%        12d2*     100%        9


Dungeon Overview and Level Annotations

Branches:
Dungeon (15/15)            Temple (0/1) D:6            Lair (5/5) D:9
 Shoals (4/4) Lair:2       Spider (4/4) Lair:2        Slime (0/5) Lair:5
    Orc (2/2) D:11            Elf (0/3) Orc:2        Vaults (3/5) D:13
  Crypt (2/3) Vaults:2     Depths (0/4) D:15          Sewer (visited)
 Bailey (visited)           IceCv (visited)         Gauntlet (visited)

Shops:
D:3 *   D:6 ((:[   D:9 [   D:10 *   Orc:2 !(*   Shoals:1 (   Vaults:2 (!:*:

Annotations:
Vaults:3 Frederick


Innate Abilities, Weirdness & Mutations

You have an increased reservoir of magic. (+10% MP)
You shall have no god before yourself.
Your divine heritage dramatically boosts your attributes as you level up.


Message History

The death scarab attacks as it pursues you!
The death scarab bites you. The death scarab drains your vigour!
You feel as though you will be slow longer.
You block the death scarab's attack.
The death scarab waves its antennae.
The death scarab bites you! The death scarab drains your vigour!
You feel as though you will be slow longer.
The death scarab draws strength from your injuries!
The death scarab bites you!!
* * * LOW HITPOINT WARNING * * *
The death scarab draws strength from your injuries!
You block the death scarab's attack.
Press: ? - help, v - describe, . - travel
Here: a death scarab (summoned)
The floor.
Press: ? - help, v - describe, . - travel
Here: a death scarab (summoned)
The floor.
Unknown command.
Unknown command.
You feel much better. You block the death scarab's attack.
The death scarab bites you but does no damage.
The death scarab bites you!!
* * * LOW HITPOINT WARNING * * *
The death scarab drains your vigour!
You feel as though you will be slow longer.
The death scarab draws strength from your injuries!
The death scarab barely misses you.
Blink to where?
Press: ? - help, Dir - move target, p - royal mummy
As you read the scroll of blinking, it crumbles to dust.
The death scarab bites you!
* * * LOW HITPOINT WARNING * * *
The death scarab draws strength from your injuries!
Unknown command.
The death scarab bites you.
* * * LOW HITPOINT WARNING * * *
The death scarab draws strength from your injuries!
The death scarab bites you!!
You die...

##########################
..........................
..........############....
..........#..........#....
....####..#..........#.... ...
#..#..........#...#
#.B######+###'#...#
#.................#
#>##+#.@##########.....#
#......B# #.....# ........#
######.....# . #####...#
##.⌠.##.....# . #...#
#.....#.....# . #.§.#
#⌠.<.⌠#.....#
.#############...####.....#.....#
.........M...M......##...##.....#
............#######.###'###.#####


You could see a royal mummy and 2 death scarabs.

Vanquished Creatures
  A dread lich (Crypt:2)
  Khufu (Crypt:2)
  Mara (Spider:3)
  Margery (Vaults:3)
  Nikola (Shoals:4)
  Jory (Vaults:3)
  Arachne (Spider:4)
  Rupert (Orc:2)
  Jorgrun (Orc:2)
  An ancient champion (Crypt:2)
  4 sphinxes (Shoals:4)
  Frances (D:14)
  A shadow dragon (Vaults:2)
  A revenant (Crypt:2)
  5 vault wardens
  An emperor scorpion (Spider:4)
  4 ghost moths (Spider:4)
  A curse skull (Crypt:2)
  7 broodmothers
  The ghost of Bananafolds the Warrior, a journeyman MfSk of Makhleb (Lair:4)
  An orc warlord (Orc:1)
  12 ironbound preservers
  A formless jellyfish (Shoals:4)
  A stone giant (Vaults:1)
  A vampire knight (Crypt:2)
  A deep elf death mage (Crypt:1)
  4 ironbound thunderhulks
  2 war gargoyles
  A minotaur (Gauntlet)
  10 dire elephants
  An acid blob zombie (Crypt:2)
  2 spark wasps
  5 jiangshi (Crypt:1)
  A crystal guardian (Vaults:2)
  Josephine (Orc:2)
  2 merfolk javelineers (Shoals:4)
  3 yaktaur captains
  A deep elf high priest (Vaults:3)
  An ettin (Vaults:2)
  6 entropy weavers
  A spriggan zombie (Crypt:1)
  A vault guard (Vaults:2)
  4 merfolk impalers
  6 great orbs of eyes
  3 rakshasas
  A peacekeeper (Vaults:2)
  8 hydras
  An ice dragon (Lair:4)
  An alligator snapping turtle (Shoals:3)
  5 boulder beetles
  Erolcha (Orc:2)
  2 death knights (Crypt:1)
  An ogre mage (D:15)
  A spriggan skeleton (Crypt:1)
  A catoblepas (D:13)
  2 radroaches
  7 two-headed ogres
  An anaconda (Lair:5)
  3 jorogumos
  2 merfolk avatars (Shoals:4)
  2 merfolk aquamancers
  4 ironbound frosthearts (Vaults:2)
  14 satyrs
  17 centaur warriors
  3 demonic crawlers
  8 death yaks
  An Orb Guardian skeleton (Crypt:1)
  A hell hog (Lair:5)
  2 vampire magi
  3 occultists
  4 hell knights (Vaults:3)
  5 pharaoh ants
  Sonja (Lair:1)
  4 skysharks
  5 skeletal warriors (Crypt:1)
  A shadow wraith (Crypt:1)
  A titan skeleton (Crypt:1)
  12 sea snakes
  39 deep trolls
  6 arcanists
  A glowing orange brain (shapeshifter) (D:15)
  3 flayed ghosts
  A bunyip zombie (Crypt:1)
  5 orb spiders
  3 steelbarb worms
  An obsidian statue (D:14)
  4 necromancers
  A deep elf archer (D:14)
  A bunyip skeleton (Crypt:1)
  3 lindwurms
  3 phantasmal warriors
  11 ironbound convokers
  6 orc knights
  24 harpies
  3 deep elf pyromancers
  16 wolf spiders
  29 ugly things
  12 manticores
  6 orc sorcerers
  4 kobold blastminers (Orc:2)
  6 meliai
  19 fauns
  6 cyclopes
  3 black mambas (Lair:3)
  2 moths of wrath
  2 rust devils (D:14)
  3 oklob plants
  8 merfolk sirens
  18 elephants
  2 water nymphs
  An ice statue (IceCv)
  An iron dragon skeleton (Crypt:1)
  A gargoyle (D:13)
  17 cane toads
  8 vault sentinels
  An orange demon (D:14)
  An emperor scorpion simulacrum (Crypt:1)
  4 torpor snails
  An unseen horror (D:13)
  A white draconian zombie (Crypt:1)
  13 freezing wraiths
  7 rime drakes
  An efreet (D:14)
  20 yaktaurs
  A catoblepas skeleton (Crypt:1)
  10 ice devils
  2 anaconda simulacra
  19 komodo dragons
  A red devil (D:14)
  14 merfolk
  A white draconian skeleton (Crypt:2)
  6 trolls
  2 harpy zombies
  A tengu conjurer (D:13)
  A tyrant leech (Gauntlet)
  15 polar bears
  4 wind drakes
  16 tarantellas
  Grinder (D:3)
  A harpy skeleton (Crypt:1)
  A radroach zombie (Crypt:2)
  2 raiju (Lair:5)
  11 blink frogs
  5 snapping turtles
  6 dream sheep
  A black mamba zombie (Crypt:2)
  35 jumping spiders
  Sigmund (D:6)
  A shadow (D:12)
  59 yaks
  20 slime creatures
  A ynoxinul (Gauntlet)
  19 culicivoras
  9 water elementals
  5 wyverns
  4 wraiths
  7 basilisks
  14 wargs
  A steam dragon (D:7)
  3 dire elephant simulacra
  9 death yak simulacra
  A vampire mosquito (D:13)
  62 redbacks
  2 harpy simulacra (IceCv)
  A skyshark zombie (Crypt:2)
  2 swamp worms (Gauntlet)
  4 acid dragons
  A hydra simulacrum (IceCv)
  12 water moccasins
  13 hell hounds (Lair:5)
  36 orc warriors
  A demonspawn skeleton (Crypt:1)
  4 ice beasts
  2 sky beasts
  19 laughing skulls
  9 ogres
  11 black bears (Lair:5)
  A boggart (Vaults:2)
  A black mamba simulacrum (Lair:4)
  8 centaurs
  29 wolves
  2 phantoms (D:5)
  The ghost of jimmypageman the Covered, an amateur GrFi (D:3)
  7 kobold brigands
  17 bullfrogs
  A gnoll sergeant (D:6)
  A komodo dragon skeleton (Crypt:1)
  2 two-headed ogre simulacra (IceCv)
  3 scorpions
  5 cane toad simulacra (IceCv)
  A deep troll simulacrum (Crypt:1)
  14 wights
  2 elephant simulacra (IceCv)
  6 killer bees
  An electric eel (Lair:4)
  3 howler monkeys
  A torpor snail simulacrum (Lair:4)
  2 bombardier beetles
  5 hounds
  2 quasits (D:14)
  3 jellies
  24 orc priests
  3 iron imps
  6 iguanas
  2 sleepcaps
  Ijyb (D:3)
  41 orc wizards
  5 polar bear simulacra (IceCv)
  A hell rat (Lair:1)
  A spriggan simulacrum (IceCv)
  3 wolf simulacra (IceCv)
  A tengu skeleton (Crypt:1)
  2 mummies (Crypt:2)
  11 gnolls
  3 river rats
  8 adders
  A naga simulacrum (IceCv)
  2 shadow imps
  3 white imps
  4 ufetubi
  2 dart slugs
  3 ribbon worms
  116 orcs
  5 ball pythons
  10 bats
  2 endoplasms
  8 giant cockroaches
  10 goblins
  7 hobgoblins
  3 jackals (D:2)
  32 kobolds
  3 quokkas
  An endoplasm zombie (Crypt:1)
  6 frilled lizards
  12 rats
  3 foxfires
  2 fulminant prisms
1515 creatures vanquished.

Vanquished Creatures (collateral kills)
  17 foxfires
17 creatures vanquished.

Vanquished Creatures (others)
  An orc wizard (Orc:2)
  2 white imps (D:14)
  1465 foxfires
  127 fulminant prisms
1595 creatures vanquished.

Grand Total: 3127 creatures vanquished

Notes
Turn   | Place    | Note
-------+----------+-------------------------------------------
     0 | D:1      | Tripartite the Demigod Fire Elementalist began the quest
                  | for the Orb.
     0 | D:1      | Reached XP level 1. HP: 14/14 MP: 5/5
    65 | D:1      | Reached skill level 1 in Conjurations
   279 | D:1      | Reached XP level 2. HP: 13/20 MP: 7/7
  1046 | D:2      | Reached XP level 3. HP: 26/26 MP: 2/8
  1902 | D:2      | Learned a level 2 spell: Scorch
  2019 | D:3      | Reached XP level 4. HP: 33/33 MP: 3/10
  2288 | D:3      | Reached XP level 5. HP: 38/38 MP: 3/11
  2517 | D:3      | Noticed Ijyb
  2524 | D:3      | Killed Ijyb
  2648 | D:3      | Noticed Grinder
  2663 | D:3      | Paralysed by Grinder for 3 turns
  2670 | D:3      | Killed Grinder
  2671 | D:3      | Reached XP level 6. HP: 45/45 MP: 4/13
  3065 | D:3      | Found a runed translucent door.
  3065 | D:3      | Noticed jimmypageman's ghost (amateur GrFi)
  3557 | D:3      | Found Onucets's Assorted Antiques.
  3560 | D:3      | Identified the +0 robe of Lust {*Slow rN+ Regen+ MP+9}
  3573 | D:3      | Bought a scroll labelled WUPTALOE NULI for 22 gold pieces
  3573 | D:3      | Bought a golden potion for 19 gold pieces
  3862 | D:3      | Killed jimmypageman's ghost
  3960 | D:4      | Identified the scarf "Mogourru" {+Inv, rF+ Int+4 Dex-5
                  | SInv}
  3971 | D:4      | Learned a level 4 spell: Flame Wave
  3976 | D:4      | Learned a level 4 spell: Iskenderun's Mystic Blast
  4871 | D:5      | Entered Level 5 of the Dungeon
  4910 | D:5      | Reached XP level 7. HP: 50/50 MP: 9/14
  4927 | D:5      | Reached skill level 5 in Conjurations
  4928 | D:5      | Found a glowing drain.
  4935 | Sewer    | Entered a sewer
  5020 | Sewer    | Reached skill level 5 in Fire Magic
  5222 | Sewer    | Reached skill level 1 in Translocations
  5718 | Sewer    | Identified a scroll of acquirement
  5719 | Sewer    | Acquired a staff of fire
  6147 | D:5      | Reached XP level 8. HP: 57/57 MP: 4/16
  7286 | D:6      | Found Nozof's Weapon Shoppe.
  7447 | D:6      | Noticed Sigmund
  7453 | D:6      | Killed Sigmund
  7542 | D:6      | Found a staircase to the Ecumenical Temple.
  8260 | D:6      | Found Qoliq's Antique Armour Boutique.
  8268 | D:6      | Bought a distressingly furry leather armour for 154 gold
                  | pieces
  8268 | D:6      | Identified the +0 leather armour of the Thistle {rPois rN++
                  | Int+2 Stlth-} (You bought it in a shop on level 6 of the
                  | Dungeon)
  8310 | D:6      | Found Sad Olis's Antique Weapon Emporium.
  8393 | D:6      | Reached XP level 9. HP: 62/62 MP: 10/18
  8472 | D:6      | Learned a level 4 spell: Fulminant Prism
  8572 | D:6      | Found Louvots's Book Shop.
  9125 | D:7      | Found a flagged portal.
  9130 | Bailey   | Entered a bailey
  9804 | Bailey   | Noticed an orc knight
  9806 | Bailey   | Noticed an orc knight
 10174 | Bailey   | Killed an orc knight
 10300 | Bailey   | Killed an orc knight
 10301 | Bailey   | Reached XP level 10. HP: 42/69 MP: 0/19
 11467 | D:8      | Reached skill level 10 in Conjurations
 11797 | D:8      | Reached skill level 10 in Fire Magic
 12562 | D:8      | HP: 2/62 [orc warrior/+0 dire flail (14)]
 13411 | D:9      | Learned a level 2 spell: Blink
 13551 | D:9      | Found a staircase to the Lair.
 13807 | D:9      | Found Ciuh's Antique Armour Boutique.
 13815 | D:9      | Bought a pair of masterwork gloves for 199 gold pieces
 13815 | D:9      | Identified the +0 pair of gloves "Nuceareh" {Harm Int+4}
                  | (You bought it in a shop on level 9 of the Dungeon)
 13837 | D:9      | Noticed a two-headed ogre
 13840 | D:9      | Killed a two-headed ogre
 14253 | D:9      | Reached XP level 11. HP: 74/74 MP: 5/22
 14723 | D:10     | Entered Level 10 of the Dungeon
 14726 | D:10     | Found Cyruh's Assorted Antiques.
 14744 | D:10     | Bought a fuming grey potion for 27 gold pieces
 14744 | D:10     | Bought a scroll labelled CESYGGIGAW for 31 gold pieces
 14755 | D:10     | Reached skill level 5 in Spellcasting
 14848 | D:10     | Noticed a +0 dagger
 14849 | D:10     | Noticed a +0 dagger
 15000 | D:10     | Noticed a two-headed ogre
 15008 | D:10     | Killed a two-headed ogre
 15009 | D:10     | Reached skill level 1 in Fighting
 15009 | D:10     | Reached skill level 1 in Armour
 15054 | D:10     | Reached skill level 2 in Fighting
 15284 | D:10     | Noticed a two-headed ogre
 15288 | D:10     | Killed a two-headed ogre
 15761 | D:11     | Found a gate leading to a gauntlet.
 15780 | Gauntlet | Entered a Gauntlet
 15780 | Gauntlet | Found a transporter.
 15824 | Gauntlet | Found a runed translucent door.
 15828 | Gauntlet | Found a transporter.
 15839 | Gauntlet | Found a transporter.
 15842 | Gauntlet | Found a transporter.
 15846 | Gauntlet | Noticed an entropy weaver
 15852 | Gauntlet | Found a transporter.
 15868 | Gauntlet | Found a transporter.
 15879 | Gauntlet | Found a transporter.
 15880 | Gauntlet | Noticed a fire crab
 15892 | Gauntlet | Found a transporter.
 15908 | Gauntlet | Found a transporter.
 15918 | Gauntlet | Found a runed translucent door.
 15919 | Gauntlet | Found a transporter.
 15919 | Gauntlet | Found a transporter.
 15920 | Gauntlet | Found a runed translucent door.
 15961 | Gauntlet | Found a transporter.
 15975 | Gauntlet | Found a transporter.
 15989 | Gauntlet | Found a transporter.
 16071 | Gauntlet | Reached skill level 3 in Fighting
 16335 | Gauntlet | Reached skill level 4 in Fighting
 16407 | Gauntlet | Identified the amulet "Lautur" {Spirit rF- Will+ rCorr
                  | Int+2}
 16418 | Gauntlet | Noticed a minotaur
 16429 | Gauntlet | Killed a minotaur
 16754 | D:11     | Reached skill level 5 in Fighting
 16775 | D:11     | Reached skill level 6 in Fighting
 17239 | D:11     | Found a staircase to the Orcish Mines.
 17593 | D:12     | Reached skill level 7 in Fighting
 17718 | D:12     | Noticed a deep elf pyromancer
 17720 | D:12     | Killed a deep elf pyromancer
 17765 | D:12     | Acquired 826 gold pieces
 17856 | D:10     | Bought a distressingly furry cloak for 294 gold pieces
 17856 | D:10     | Identified the +0 cloak of Barnacled Beauty {Rampage *Slow
                  | Slay+6} (You bought it in a shop on level 10 of the
                  | Dungeon)
 17880 | Lair:1   | Entered Level 1 of the Lair of Beasts
 17943 | Lair:1   | Reached XP level 12. HP: 84/100 MP: 21/25
 18115 | Lair:1   | Noticed Sonja
 18118 | Lair:1   | Killed Sonja
 19063 | Lair:2   | Found a hole to the Spider Nest.
 19332 | Lair:2   | Noticed an eight-headed hydra
 19341 | Lair:2   | Killed an eight-headed hydra
 19461 | Lair:1   | Learned a level 6 spell: Starburst
 19483 | Lair:2   | Found a staircase to the Shoals.
 19722 | Lair:2   | Reached skill level 10 in Spellcasting
 19876 | Lair:2   | You fall into a shaft and drop 1 floor!
 20301 | Lair:2   | Reached XP level 13. HP: 98/105 MP: 25/32
 20540 | Lair:3   | Identified the +4 chain mail "Gujetyts" {rN+ Dex+2}
 21445 | Lair:4   | Found a runed translucent gate.
 21487 | Lair:4   | Reached skill level 5 in Dodging
 21650 | Lair:4   | Reached skill level 8 in Fighting
 21958 | Lair:4   | Found a runed translucent gate.
 21960 | Lair:4   | Found a runed translucent gate.
 22095 | Lair:4   | Noticed Bananafolds's ghost (journeyman MfSk)
 22541 | Lair:4   | Killed Bananafolds's ghost
 22639 | Lair:4   | Got the ring "Wintouqe" {Fire rElec Dex+3 Slay+2}
 22763 | Lair:5   | Entered Level 5 of the Lair of Beasts
 22767 | Lair:5   | Reached skill level 1 in Polearms
 22770 | Lair:5   | Reached skill level 9 in Fighting
 22988 | Lair:5   | Reached XP level 14. HP: 118/118 MP: 14/35
 23150 | Lair:5   | Reached skill level 5 in Polearms
 23358 | Lair:5   | Found a staircase to the Slime Pits.
 24289 | Lair:5   | Reached skill level 10 in Fighting
 25609 | Orc:1    | Entered Level 1 of the Orcish Mines
 25612 | Orc:1    | Noticed an orc warlord
 25622 | Orc:1    | Killed an orc warlord
 25754 | Orc:1    | Found a frozen archway.
 25766 | IceCv    | Entered an ice cave
 26167 | IceCv    | Got Sif Muna's Handbook of the Snowflakes
 26433 | IceCv    | Got the Compilation of the Ghastly Crevasse
 26787 | Orc:1    | Reached skill level 10 in Polearms
 27009 | Orc:2    | Entered Level 2 of the Orcish Mines
 27059 | Orc:2    | Found a staircase to the Elven Halls.
 27083 | Orc:2    | Noticed Erolcha
 27088 | Orc:2    | Killed Erolcha
 27381 | Orc:2    | Noticed Josephine
 27384 | Orc:2    | Killed Josephine
 27394 | Orc:2    | Reached XP level 15. HP: 119/126 MP: 7/36
 27475 | Orc:2    | Found Huolingu's Antique Weapon Emporium.
 27759 | Orc:2    | Found Toimuerch's Distillery.
 27783 | Orc:2    | Noticed Rupert
 27792 | Orc:2    | Killed Rupert
 28031 | Orc:2    | Found Miacaimemu's General Store.
 28051 | Orc:2    | Noticed Jorgrun
 28054 | Orc:2    | Killed Jorgrun
 28414 | Orc:2    | Bought a scroll of acquirement for 780 gold pieces
 28414 | Orc:2    | Acquired 926 gold pieces
 28533 | D:10     | Bought a scroll of acquirement for 1612 gold pieces
 29101 | D:13     | Found a gate to the Vaults.
 30261 | D:14     | Noticed Frances
 30594 | D:14     | Killed Frances
 30730 | D:14     | Identified the scarf of Poiwna {harm, *Corrode MP+9 SInv}
 31160 | D:15     | Entered Level 15 of the Dungeon
 31793 | D:15     | Found a staircase to the Depths.
 33520 | D:6      | Bought a book of the Spheres for 768 gold pieces
 33526 | D:6      | Learned a level 5 spell: Iskenderun's Battlesphere
 33534 | D:6      | Learned a level 7 spell: Orb of Destruction
 33670 | Spider:1 | Entered Level 1 of the Spider Nest
 34352 | Spider:1 | Reached XP level 16. HP: 134/134 MP: 25/37
 34851 | Spider:2 | Learned a level 5 spell: Fireball
 35240 | Spider:2 | Reached skill level 11 in Fighting
 36534 | Spider:3 | Identified the +0 robe "Jailuag" {-Cast Dex+4}
 36620 | Spider:3 | Noticed Mara
 36627 | Spider:3 | Killed Mara
 36628 | Spider:3 | Reached skill level 12 in Fighting
 37428 | Spider:4 | Entered Level 4 of the Spider Nest
 37530 | Spider:4 | Noticed Arachne
 37537 | Spider:4 | Reached skill level 13 in Fighting
 37946 | Spider:4 | HP: 7/143 [tarantella[a broodmother] (2)]
 37950 | Spider:4 | Killed Arachne
 39570 | Spider:4 | Reached XP level 17. HP: 111/149 MP: 17/39
 39708 | Spider:4 | Got a gossamer rune of Zot
 39913 | Shoals:1 | Entered Level 1 of the Shoals
 41132 | Shoals:1 | Reached skill level 15 in Conjurations
 41236 | Shoals:1 | Found Vaqavvor's Weapon Shop.
 44285 | Shoals:4 | Entered Level 4 of the Shoals
 44929 | D:9      | Bought a spiked scale mail for 189 gold pieces
 44929 | D:9      | Identified the +5 scale mail of Zealous Knowledge {rPois
                  | Regen+ Int+4} (You bought it in a shop on level 9 of the
                  | Dungeon)
 45362 | Shoals:4 | Noticed Nikola
 45456 | Shoals:4 | Killed Nikola
 45746 | Shoals:4 | Reached skill level 5 in Armour
 47109 | Shoals:4 | Reached skill level 14 in Fighting
 47306 | Shoals:4 | Reached XP level 18. HP: 151/160 MP: 29/40
 47440 | Shoals:4 | Got a barnacled rune of Zot
 47493 | Shoals:4 | Identified the +2 hat of the Solstice {-Tele Regen+ Str+2
                  | Int+3}
 48007 | Orc:2    | Bought a +3 scale mail of positive energy for 345 gold
                  | pieces
 48436 | Vaults:1 | Entered Level 1 of the Vaults
 49239 | Vaults:1 | You fall into a shaft and drop 1 floor!
 49277 | Vaults:2 | Found Veusk's General Store.
 49283 | Vaults:2 | Bought a scroll of brand weapon for 142 gold pieces
 50037 | Vaults:2 | Found Wauno's Antique Weapon Shop.
 50356 | Vaults:2 | Found Gefo's Distillery.
 50455 | Vaults:2 | Reached skill level 10 in Armour
 51254 | Vaults:1 | Reached skill level 15 in Fighting
 52416 | Vaults:2 | Found a staircase to the Crypt.
 52924 | Vaults:2 | Found Vetil's Book Emporium.
 53240 | Vaults:2 | Found Rorib's Book Shoppe.
 53451 | Vaults:2 | Reached XP level 19. HP: 170/170 MP: 13/41
 54166 | Vaults:3 | Noticed Jory
 54173 | Vaults:3 | Killed Jory
 55111 | Vaults:3 | Noticed Margery
 55115 | Vaults:3 | Killed Margery
 55392 | Vaults:3 | Identified the orb "Ediaptub" {*channel, Stlth+}
 55392 | Vaults:3 | Noticed Frederick
 55566 | Crypt:1  | Entered Level 1 of the Crypt
 55624 | Crypt:1  | Reached skill level 16 in Fighting
 58158 | Crypt:2  | Noticed a dread lich
 58162 | Crypt:2  | Killed a dread lich
 59022 | Crypt:2  | Noticed Khufu
 59026 | Crypt:2  | Killed Khufu
 59028 | Crypt:2  | Noticed a royal mummy
 59044 | Crypt:2  | Mangled by a death scarab

Illustrated notes

Levels and vault maps discovered:
D:1:      minmay_arrival_semitransparent, layout_loops_cross, serial_aquarium,
          aquarium_bridge_straight [aquarium_subvault_bridge,
          aquarium_subvault_balcony, aquarium_subvault_bridge,
          aquarium_subvault_window], aquarium_bridge_square
          [aquarium_subvault_wall, aquarium_subvault_bridge,
          aquarium_subvault_wall, aquarium_subvault_bridge], aquarium_window_1,
          aquarium_window_2, aquarium_window_corner, aquarium_view_2e,
          aquarium_pool_side, minmay_liquid_box, st_stairs_11,
          minmay_pentomino_v2
D:2:      layout_basic
D:3:      layout_basic, mainiacjoe_overflow_surrounded_room, serial_shops, shop,
          gammafunk_ghost_grave, chequers_ecumenical_altar_simple_redux,
          serial_bayou_lagoon_a, minmay_mini_jars, uniq_grinder, uniq_ijyb
D:4:      layout_basic
D:5:      layout_loops_ring, nicolae_dithmenos_shadow_blocks,
          mainiacjoe_overflow_paths, gup_sewer_entry_bubbles,
          minmay_stone_trees_small
D:6:      layout_cave_pods, temple_hall_moat, serial_shops, shop, shop,
          nicolae_book_shop_shelving, shop, uniq_sigmund
D:7:      layout_basic, enter_bailey_3, minmay_statues_item,
          minmay_fractal_squares_diagonal_5
D:8:      layout_basic, minmay_tree_intersection
D:9:      layout_basic, due_lair_maze_entry_diamond, serial_shops,
          nicolae_shop_dealshenge, glass_columns_c
D:10:     layout_long_grid, lemuel_tele_altar, dancing_weapons_uskayaw,
          serial_shops, shop
D:11:     layout_rooms, david_orc_4, gauntlet_entry_generic
D:12:     layout_irregular_city
D:13:     layout_loops_corners, skrybe_vaults_entry_preservation,
          okawaru_ov_weapons_minmay
D:14:     layout_roguey, solitary_fountain, hangedman_devilish_allure,
          uniq_frances
D:15:     gammafunk_enter_depths_forms, layout_basic
Lair:1:   layout_long_grid, serial_rivers, chequers_serial_rivers_large_a,
          chequers_serial_rivers_micro_d, chequers_serial_rivers_micro_b,
          chequers_serial_rivers_micro_e, chequers_serial_rivers_marsh,
          chequers_serial_rivers_small_3, guppyfry_lair_drakes, uniq_sonja
Lair:2:   layout_regular_city, nicolae_shoals_entry_roost, dummy_spider_entry,
          chequers_serial_rivers_marsh, grunt_megastairs_2,
          infiniplex_staircase_pool_2
Lair:3:   layout_long_grid, cheibrodos_lair_lostbears, serial_bayou_shore_b,
          grunt_megastairs_3
Lair:4:   layout_roguey, gammafunk_ghost_icy, st_stairs_9, beast_lair_carwin_3,
          serial_bayou_shore_b, infiniplex_staircase_pool
Lair:5:   hangedman_lair_caniforms_friends, layout_small_grid,
          minmay_slime_entry_oklob_open, serial_bayou_pond_d,
          gammafunk_lair_bear_cave
Shoals:1: layout_shoals, serial_shops, nicolae_shop_hallway_plus
Shoals:2: layout_shoals
Shoals:3: layout_shoals
Shoals:4: shoals_end_hellmonk_lost_city, serial_shops, uniq_nikola
Spider:1: layout_spider_delve
Spider:2: layout_chambers
Spider:3: layout_spider_delve, uniq_mara
Spider:4: grunt_spider_rune_parallel, nicolae_spider_webbed_stairs, uniq_arachne
Orc:1:    layout_caves, portal_ice_cave_rime
Orc:2:    st_orc_town, layout_caves, uniq_rupert, uniq_erolcha, uniq_josephine,
          uniq_jorgrun
Vaults:1: hangedman_vaults_impose, serial_ice_b, st_cells, v_alt_pattern_4,
          nicolae_vaults_what_the_h, vaults_dpeg_cross,
          nicolae_vaults_yaktaur_gun_rack, nicolae_vaults_storage_room_water,
          layout_vaults_quadrants
Vaults:2: nicolae_vaults_circle_grid_b, hangedman_vaults_corner,
          nicolae_vaults_storage_room_doors, st_cross,
          minmay_crypt_entry_nasty_monster, v_pattern_3,
          nicolae_vaults_little_squares_6, v_misc_5,
          nicolae_vaults_little_squares_6, nicolae_vaults_tetromino_Z_2,
          nicolae_vaults_tangram_1, nicolae_vaults_tetromino_L_2,
          nicolae_vaults_stairing_the_circle, layout_vaults_maze, serial_shops,
          nicolae_square_shop, nicolae_shop_overgrown_old_shop, shop,
          nicolae_book_shop_shelving, shop
Vaults:3: gammafunk_ghost_smash, nicolae_vaults_ring_of_whatevers,
          nicolae_vaults_shrinking_rooms_2, vaults_room_grid,
          vaults_room_fancy_cross, vaults_dpeg_ring, hangedman_vaults_nodes,
          hangedman_vaults_slice, nicolae_vaults_closet_pinwheel_2,
          nicolae_vaults_trapezoid_3, nicolae_vaults_big_ls,
          nicolae_vaults_corridor_and_loot_room, v_misc_14,
          nicolae_vaults_specimen_jars, layout_vaults_ring, uniq_margery,
          uniq_frederick, uniq_jory
Crypt:1:  layout_misc_corridors
Crypt:2:  layout_chaotic_city, grunt_megastairs_1, uniq_khufu

Skill      XL: |  1  2  3  4  5  6  7  8  9 10 11 12 13 14 15 16 17 18 19 |
---------------+----------------------------------------------------------+-----
Conjurations   | 1 2 3 4 5 7 9 11 12 13 15 | 15.6
Fire Magic     | 3 4 5 7 9 10 11 | 11.1
Spellcasting   | 2 3 4 6 10 12 13 | 13.5
Translocations | 2 3 |  3.0
Dodging        | 4 7 |  7.6
Fighting       | 7 9 10 13 14 15 16 | 16.7
Armour         | 2 3 7 12 14 | 14.0
Polearms       | 3 10 14 | 14.0
Stealth        | |  1.7

Action                     |  1- 3 |  4- 6 |  7- 9 | 10-12 | 13-15 | 16-18 | 19-21 || total
---------------------------+-------+-------+-------+-------+-------+-------+-------++-------
  Melee: Trident           |    61 |    36 |    24 |    23 |       |       |       ||   144
         Unarmed           |    12 |       |       |       |       |       |       ||    12
         Staff             |       |       |    14 |     8 |    18 |     1 |     5 ||    46
         Punch             |       |       |     1 |       |     2 |     2 |     1 ||     6
         Bardiche          |       |       |       |    23 |       |       |       ||    23
         Dagger            |       |       |       |     4 |       |       |       ||     4
         Spear             |       |       |       |     1 |       |       |       ||     1
         Demon trident     |       |       |       |       |    39 |   200 |    78 ||   317
   Cast: Foxfire           |    51 |    72 |   142 |   190 |   188 |   182 |    24 ||   849
         Scorch            |     4 |    16 |    99 |   107 |    67 |    16 |     2 ||   311
         Flame Wave        |       |       |     9 |    41 |     7 |    16 |       ||    73
         Fulminant Prism   |       |       |    23 |    48 |    56 |     2 |       ||   129
         Iskenderun's Myst |       |       |     3 |     6 |    27 |     4 |     7 ||    47
         Starburst         |       |       |       |    13 |   298 |   165 |    56 ||   532
         Blink             |       |       |       |       |     1 |    10 |     1 ||    12
         Iskenderun's Batt |       |       |       |       |       |    39 |    14 ||    53
         Orb of Destructio |       |       |       |       |       |   150 |    54 ||   204
         Fireball          |       |       |       |       |       |   106 |    14 ||   120
  Evoke: Wand              |       |       |       |       |     2 |       |       ||     2
    Use: Scroll            |       |       |     8 |     7 |    17 |     9 |     4 ||    45
         Potion            |       |       |     1 |       |       |     5 |     3 ||     9
   Stab: Sleeping          |     6 |     2 |       |       |     1 |     2 |       ||    11
 Armour: Robe              |    43 |    38 |    61 |   152 |   143 |   192 |       ||   629
         Acid dragon scale |       |       |       |     3 |       |       |       ||     3
         Scale mail        |       |       |       |       |       |   281 |    95 ||   376
  Dodge: Dodged            |    46 |    31 |    69 |   131 |    92 |   241 |    38 ||   648
  Block: Other             |       |       |       |       |       |    54 |    16 ||    70
         Reflection        |       |       |       |       |       |    21 |     2 ||    23
